 Dungeon Crawl Stone Soup version 0.23-a0-445-g768d57b (webtiles) character file.

2445 Relyt the Cleaver (level 9, -1/79 HPs)
             Began as a Minotaur Fighter on Nov 17, 2018.
             Was a Believer of Okawaru.
             Succumbed to a killer bee's poison
             ... on level 7 of the Dungeon.
             The game lasted 00:50:43 (5835 turns).

Relyt the Cleaver (Minotaur Fighter)                Turns: 5835, Time: 00:50:44

Health: -1/79      AC: 18    Str: 24    XL:     9   Next: 25%
Magic:  8/8        EV:  7    Int:  5    God:    Okawaru [**....]
Gold:   358        SH: 11    Dex: 10    Spells: 8/8 levels left

rFire    + . .     SeeInvis .   B - +0 war axe
rCold    . . .     Gourm    .   c - +0 shield
rNeg     . . .     Faith    .   v - +0 plate armour
rPois    .         Spirit   .   (helmet restricted)
rElec    .         Reflect  .   N - +1 cloak
rCorr    .         Harm     .   J - +1 pair of gloves
MR       .....                  g - +0 pair of boots
Stlth    ..........             (no amulet)
HPRegen  0.23/turn              F - ring of protection from fire
MPRegen  0.11/turn              a - +2 ring of evasion

@: lethally poisoned (-1 -> -12), very slow
A: retaliatory headbutt, horns 2
a: Heroism, Renounce Religion


You were on level 7 of the Dungeon.
You worshipped Okawaru.
Okawaru was pleased with you.
You were not hungry.

You visited 1 branch of the dungeon, and saw 7 of its levels.
You also visited: Sewer.

You collected 358 gold pieces.

Inventory:

Hand Weapons
 e - a +2 dagger of speed
 h - a +0 hand axe
 i - a +0 short sword of speed
 y - a +2 hand axe of electrocution
 A - a +0 hunting sling
 B - a +0 war axe (weapon)
 K - a +0 battleaxe
Missiles
 j - 47 poisoned needles
 l - 38 bolts
 C - 6 tomahawks (quivered)
Armour
 c - a +0 shield (worn)
 g - a +0 pair of boots (worn)
 v - a +0 plate armour (worn)
 z - a +0 chain mail
 J - a +1 pair of gloves (worn)
 N - a +1 cloak (worn)
Jewellery
 a - a +2 ring of evasion (right hand)
 E - an uncursed ring of ice
 F - a ring of protection from fire (left hand)
Wands
 D - a wand of scattershot (4)
Scrolls
 k - 3 scrolls of immolation
 o - a scroll of magic mapping
 p - a scroll of blinking {unknown}
 q - a scroll of enchant weapon {unknown}
 s - 2 scrolls of remove curse
 u - 9 scrolls of identify
 x - a scroll of enchant armour {unknown}
 G - a scroll of random uselessness {unknown}
 H - a scroll of noise {unknown}
 I - a scroll of fear {unknown}
 O - a scroll of teleportation {unknown}
Potions
 b - 3 potions of flight
 d - 3 potions of might
 m - 3 potions of ambrosia {unknown}
 n - 5 potions of curing
 r - 2 potions of magic {unknown}
 t - 4 potions of heal wounds {unknown}
 w - a potion of brilliance {unknown}
 L - a potion of lignification {unknown}
 M - 2 potions of mutation {unknown}
 P - a potion of haste
Comestibles
 f - 11 rations


   Skills:
 * Level 7.2 Fighting
   Level 3.6 Long Blades
 * Level 10.4 Axes
 + Level 6.5 Armour
 - Level 0.8 Dodging
 + Level 6.7 Shields


You had 8 spell levels left.
You didn't know any spells.
Your spell library contained the following spells:

 Spells                   Type           Power        Failure   Level  Hunger
 Beastly Appendage        Tmut           #.....       100%        1    ##.....
 Sticks to Snakes         Tmut           #.......     100%        2    ###....
 Spider Form              Tmut/Pois      #.........   100%        3    ####...
 Ice Form                 Ice/Tmut       #.......     100%        4    #####..
 Blade Hands              Tmut           #.........   100%        5    ######.


Dungeon Overview and Level Annotations

Branches:
Dungeon (7/15)
 Temple: D:4-7

Altars:
Elyvilon
Okawaru


Innate Abilities, Weirdness & Mutations

You reflexively headbutt those who attack you in melee.
You have a pair of horns on your head.


Message History

You hit the plant.
* * * LOW HITPOINT WARNING * * *
You feel sick.
The killer bee stings you but does no damage.
You block the killer bee's attack.
You hit the killer bee.
You kill the killer bee!
Okawaru accepts your kill.
You hit the plant but do no damage.
* * * LOW HITPOINT WARNING * * *
You feel sick.
* * * LOW HITPOINT WARNING * * *
You feel sick.
* * * LOW HITPOINT WARNING * * *
You feel sick.
* * * LOW HITPOINT WARNING * * *
You feel sick.
You enter the shallow water.
Moving in this stuff is going to be slow.
You die...

#### ###### ...#
.P/..P# ...##
..P..P.## .P#.#
.≈P.....## ..#.##
≈≈≈.....P# P≈P..#
≈≈≈≈≈≈...#
≈≈≈..##
≈≈#≈≈#≈.P#
≈≈≈≈..# ≈
#≈≈#≈@.# ≈≈≈≈≈.##
#≈ #≈†≈#
≈≈≈#≈≈.## # #†≈##
#.###≈≈≈# ##≈#
...#...≈#
#####.##
........###....##
........#.'....#
........'.'....#
#########
........###....##
#.......#


There were no monsters in sight!

Vanquished Creatures
  A hippogriff (D:7)
  2 sky beasts
  An ice beast (D:5)
  A necrophage (D:6)
  A phantom (D:4)
  A centaur (D:7)
  5 ogres
  A big kobold (Sewer)
  A bullfrog (D:7)
  A scorpion (D:4)
  6 killer bees (D:7)
  An electric eel (D:7)
  2 howler monkeys
  A centaur zombie (D:7)
  4 hounds
  A jelly (D:6)
  A bullfrog skeleton (D:7)
  2 orc priests
  3 orc wizards
  5 worker ants
  A killer bee zombie (D:5)
  A hound zombie (D:7)
  A hound skeleton (D:7)
  A howler monkey zombie (D:7)
  A gnoll (D:4)
  9 adders
  A river rat (Sewer)
  A shadow imp (D:6)
  2 oozes
  An adder zombie (D:6)
  2 worms (D:3)
  4 dart slugs
  4 leopard geckos
  12 orcs
  7 giant cockroaches
  7 goblins
  11 hobgoblins
  8 jackals
  11 kobolds
  7 quokkas
  3 bats (D:1)
  9 frilled lizards
  18 rats
  6 plants
169 creatures vanquished.

Notes
Turn   | Place    | Note
-------+----------+-------------------------------------------
     0 | D:1      | Relyt the Minotaur Fighter began the quest for the Orb.
     0 | D:1      | Reached XP level 1. HP: 19/19 MP: 0/0
   107 | D:1      | Reached XP level 2. HP: 23/27 MP: 1/1
   504 | D:1      | Reached XP level 3. HP: 28/33 MP: 2/2
  1406 | D:2      | Reached XP level 4. HP: 37/41 MP: 3/3
  2089 | D:3      | Reached XP level 5. HP: 31/47 MP: 4/4
  2500 | D:3      | Reached skill level 1 in Axes
  2737 | D:4      | Reached skill level 5 in Fighting
  2737 | D:4      | Reached skill level 2 in Axes
  2823 | D:4      | Reached skill level 3 in Axes
  2823 | D:4      | Reached XP level 6. HP: 42/56 MP: 5/5
  2862 | D:4      | Reached skill level 5 in Armour
  2964 | D:4      | Reached skill level 4 in Axes
  2964 | D:4      | Reached skill level 5 in Shields
  3334 | D:4      | Found an iron altar of Okawaru.
  3352 | D:4      | Became a worshipper of Warmaster Okawaru
  3391 | D:5      | Entered Level 5 of the Dungeon
  3406 | D:5      | Reached XP level 7. HP: 46/61 MP: 6/6
  3829 | D:5      | Reached skill level 5 in Axes
  4044 | D:6      | Reached skill level 6 in Axes
  4223 | D:6      | Reached * piety under Okawaru
  4224 | D:6      | Found a glowing drain.
  4363 | Sewer    | Entered a sewer
  4438 | Sewer    | Reached skill level 7 in Axes
  4459 | Sewer    | Found a white marble altar of Elyvilon.
  4658 | D:6      | Reached XP level 8. HP: 57/70 MP: 7/7
  5052 | D:6      | Reached skill level 8 in Axes
  5220 | D:7      | Reached ** piety under Okawaru
  5295 | D:7      | Reached skill level 9 in Axes
  5325 | D:7      | Noticed a hippogriff
  5334 | D:7      | Killed a hippogriff
  5474 | D:7      | Reached XP level 9. HP: 79/79 MP: 8/8
  5611 | D:7      | Found an iron altar of Okawaru.
  5613 | D:7      | Found a white marble altar of Elyvilon.
  5675 | D:7      | Reached skill level 10 in Axes
  5832 | D:7      | HP: 3/79 [poisoned by a killer bee]
  5834 | D:7      | HP: 1/79 [poisoned by a killer bee]
  5835 | D:7      | Succumbed to a killer bee's poison

Vault maps used:
D:1:      minmay_arrival_solitary_statue
D:2:      first_ration, minmay_hexomino_u4
D:3:      serial_bayou_ford_a, chequers_serial_rivers_micro_c,
          serial_bayou_pond_d
D:4:      okawaru_altar_gauntlet_db
D:6:      portal_sewer_entry_f, hangedman_decor_slide_cut
D:7:      wad_lake_hut, grunt_dithmenos_smoke_and_mirrors,
          nicolae_overflow_hidden_temple, minmay_temple_entry_poolview
Sewer:    sewer_kobolds

Skill      XL: |  1  2  3  4  5  6  7  8  9 |
---------------+----------------------------+-----
Fighting       | 4 5 6 7 |  7.2
Armour         | 4 5 6 |  6.5
Shields        | 4 5 6 |  6.7
Long Blades    | 3 |  3.6
Axes           | 3 4 7 9 10 | 10.4
Dodging        | |  0.8

Action                   |  1- 3 |  4- 6 |  7- 9 || total
-------------------------+-------+-------+-------++-------
Melee: Long sword        |    45 |    55 |       ||   100
       Dagger            |     8 |       |       ||     8
       Headbutt          |    17 |    35 |    55 ||   107
       Short sword       |    60 |       |       ||    60
       Hand axe          |     4 |     1 |       ||     5
       War axe           |       |   133 |   264 ||   397
  Use: Scroll            |       |     4 |       ||     4
       Potion            |       |     2 |     1 ||     3
  Eat: Ration            |     1 |     2 |     2 ||     5
Armor: Scale mail        |    54 |    21 |       ||    75
       Chain mail        |       |    82 |       ||    82
       Plate armour      |       |    25 |   177 ||   202
Dodge: Dodged            |    35 |    63 |    78 ||   176
Block: Shield            |    56 |   111 |   158 ||   325
       Rpst.: Long sword |     5 |     4 |       ||     9

Table legend:
 A = Non-vault XP
 B = Vault XP
 C = Vault XP percentage of total XP
 D = Non-vault monster count
 E = Vault monster count
 F = Vault count percentage of total count
                 A         B        C        D         E       F
            +---------+---------+-------+---------+---------+-------
      Total |    3341 |     153 |   4.4 |     144 |      19 |  11.7
            +---------+---------+-------+---------+---------+-------
        D:1 |      57 |       0 |   0.0 |      29 |       0 |   0.0
        D:2 |      64 |       3 |   4.5 |      26 |       2 |   7.1
        D:3 |     131 |       0 |   0.0 |      24 |       0 |   0.0
        D:4 |     391 |      26 |   6.2 |      13 |       6 |  31.6
        D:5 |     411 |       0 |   0.0 |       9 |       0 |   0.0
        D:6 |     708 |       9 |   1.3 |      18 |       4 |  18.2
        D:7 |    1579 |       0 |   0.0 |      25 |       0 |   0.0
      Sewer |       0 |     115 | 100.0 |       0 |       7 | 100.0
            +---------+---------+-------+---------+---------+-------
